General information
			
			
        
        - name: BNet
 
        - type: Ladder team game (AT/RT)
 
        - host: Battle.net
 
        - saver: tIMG4strok
 
        
map: Cherryville 
        - players: 8
 
        - length: 25:56
 
        - speed: Fast
 - version: 1.22 W3XP
 - replay type:  

 
» download(229 KB)
Players
        team 1 (loser) 
              
              
blotto (
green | 37 APM | 864 actions | 23:20)
              
 3 Dreadlord 
 1 Sleep
 2 Vampiric Aura
 
                » actions 
                
                | Assign group hotkey | 14 |  | 
| Build / train | 83 |  | 
| Enter build submenu | 15 |  | 
| Enter hero's abilities submenu | 3 |  | 
| Remove unit from queue | 10 |  | 
| Right click | 244 |  | 
| Select / deselect | 218 |  | 
| Select group hotkey | 179 |  | 
| Use ability | 98 |  | 
                864 total
 » units 
                
                | Acolyte | 7 |  | 
| Ghoul | 15 |  | 
| Gargoyle | 7 |  | 
| Necromancer | 12 |  | 
| Obsidian Statue | 10 |  | 
| Crypt Fiend | 4 |  | 
                55 total
 » upgrades
                
                | Skeletal Mastery | 1 |  | 
| Necromancer Training | 2 |  | 
| Destroyer Form | 1 |  | 
| Ghoul Frenzy | 1 |  | 
| Web | 1 |  | 
                6 total
 » buildings
                
                | Ziggurat | 8 |  | 
| Altar of Darkness | 1 |  | 
| Crypt | 1 |  | 
| Graveyard | 1 |  | 
| Nerubian Tower | 1 |  | 
| Halls of the Dead | 1 |  | 
| Spirit Tower | 3 |  | 
| Temple of the Damned | 3 |  | 
| Black Citadel | 1 |  | 
| Tomb of Relics | 1 |  | 
| Slaughterhouse | 2 |  | 
                23 total
 » build order
                00:10 Ziggurat
00:14 Altar of Darkness
00:37 Crypt
00:57 Ziggurat
01:45 Graveyard
01:51 Nerubian Tower
03:11 Halls of the Dead
03:48 Spirit Tower
03:55 Ziggurat
04:59 Spirit Tower
05:46 Temple of the Damned
05:48 Temple of the Damned
05:56 Temple of the Damned
06:12 Black Citadel
06:22 Ziggurat
06:28 Ziggurat
06:39 Tomb of Relics
07:51 Spirit Tower
15:54 Slaughterhouse
15:55 Slaughterhouse
18:24 Ziggurat
18:26 Ziggurat
18:30 Ziggurat
» items
                 
               
              
              
Citizen_snips_ (
orange | 53 APM | 1307 actions | 24:33)
              
 2 Blood Mage 
 1 Flame Strike
 1 Siphon Mana
 
                » actions 
                
                | Assign group hotkey | 24 |  | 
| Basic commands | 23 |  | 
| Build / train | 42 |  | 
| Enter build submenu | 20 |  | 
| Enter hero's abilities submenu | 2 |  | 
| Remove unit from queue | 2 |  | 
| Right click | 569 |  | 
| Select / deselect | 204 |  | 
| Select group hotkey | 375 |  | 
| Use ability | 46 |  | 
                1307 total
 » units 
                
                | Peasant | 6 |  | 
| Footman | 13 |  | 
| Mortar Team | 5 |  | 
| Knight | 3 |  | 
                27 total
 » upgrades
                
                | Defend | 1 |  | 
| Plating | 2 |  | 
| Swords | 2 |  | 
| Lumber Harvesting | 1 |  | 
                6 total
 » buildings
                
                | Farm | 8 |  | 
| Barracks | 2 |  | 
| Altar of Kings | 1 |  | 
| Scout Tower | 1 |  | 
| Blacksmith | 1 |  | 
| Arcane Tower | 1 |  | 
| Keep | 1 |  | 
| Workshop | 2 |  | 
| Lumber Mill | 1 |  | 
| Castle | 1 |  | 
| Gryphon Aviary | 2 |  | 
                21 total
 » build order
                00:04 Farm
00:06 Barracks
00:43 Altar of Kings
01:08 Farm
01:17 Farm
01:49 Farm
02:13 Barracks
02:38 Farm
03:19 Farm
04:00 Scout Tower
04:27 Blacksmith
04:38 Arcane Tower
04:58 Keep
06:09 Farm
07:20 Workshop
07:28 Workshop
09:40 Lumber Mill
11:15 Castle
17:13 Gryphon Aviary
17:16 Gryphon Aviary
17:52 Farm
 
               
              
              
Razma (
blue | 19 APM | 483 actions | 25:55)
              
 2 Priestess of the Moon 
 1 Trueshot Aura
 1 Searing Arrows
 1 Keeper of the Grove 
 1 Entangling Roots
 
                » actions 
                
                | Assign group hotkey | 18 |  | 
| Build / train | 72 |  | 
| Enter build submenu | 11 |  | 
| Enter hero's abilities submenu | 3 |  | 
| Right click | 182 |  | 
| Select / deselect | 134 |  | 
| Select group hotkey | 38 |  | 
| Use ability | 25 |  | 
                483 total
 » units 
                
                | Wisp | 8 |  | 
| Archer | 25 |  | 
| Druid of the Talon | 14 |  | 
| Hippogryph | 4 |  | 
                51 total
 » upgrades
                
                | Improved Bows | 1 |  | 
| Strength of the Moon | 3 |  | 
| Moon Armor | 3 |  | 
| Ultravision | 1 |  | 
| Druid of the Talon Training | 2 |  | 
| Well Spring | 1 |  | 
| Mark of the Talon | 1 |  | 
| Marksmanship | 1 |  | 
| Nature's Blessing | 1 |  | 
                14 total
 » buildings
                
                | Moon Well | 6 |  | 
| Altar of Elders | 1 |  | 
| Ancient of War | 1 |  | 
| Tree of Ages | 1 |  | 
| Hunter's Hall | 1 |  | 
| Ancient of Wind | 1 |  | 
| Tree of Eternity | 1 |  | 
                12 total
 » build order
                00:57 Moon Well
01:14 Altar of Elders
01:28 Ancient of War
01:55 Moon Well
02:18 Tree of Ages
02:53 Moon Well
03:51 Hunter's Hall
05:06 Ancient of Wind
07:23 Tree of Eternity
11:49 Moon Well
13:47 Moon Well
18:22 Moon Well
 
               
              
              
shabotika (
pink | 50 APM | 1219 actions | 24:29)
              
 3 Blood Mage 
 2 Flame Strike
 1 Siphon Mana
 1 Mountain King 
 1 Storm Bolt
 
                » actions 
                
                | Assign group hotkey | 29 |  | 
| Basic commands | 8 |  | 
| Build / train | 71 |  | 
| Enter build submenu | 25 |  | 
| Enter hero's abilities submenu | 4 |  | 
| Remove unit from queue | 4 |  | 
| Right click | 480 |  | 
| Select / deselect | 241 |  | 
| Select group hotkey | 304 |  | 
| Use ability | 53 |  | 
                1219 total
 » units 
                
                | Peasant | 12 |  | 
| Footman | 14 |  | 
| Mortar Team | 5 |  | 
| Knight | 3 |  | 
| Siege Engine | 4 |  | 
| Flying Machine | 4 |  | 
                42 total
 » upgrades
                
                | Defend | 1 |  | 
| Masonry | 3 |  | 
| Plating | 1 |  | 
| Gunpowder | 2 |  | 
| Flare | 1 |  | 
| Lumber Harvesting | 1 |  | 
| Barrage | 1 |  | 
| Flak Cannons | 0 |  | 
                10 total
 » buildings
                
                | Barracks | 1 |  | 
| Altar of Kings | 1 |  | 
| Farm | 9 |  | 
| Scout Tower | 5 |  | 
| Arcane Tower | 3 |  | 
| Arcane Vault | 1 |  | 
| Lumber Mill | 1 |  | 
| Keep | 1 |  | 
| Guard Tower | 1 |  | 
| Blacksmith | 1 |  | 
| Arcane Sanctum | 1 |  | 
| Workshop | 2 |  | 
| Castle | 1 |  | 
| Cannon Tower | 1 |  | 
                29 total
 » build order
                00:20 Barracks
00:34 Altar of Kings
00:54 Farm
01:07 Farm
01:43 Scout Tower
01:54 Farm
02:14 Arcane Tower
03:46 Scout Tower
03:51 Arcane Vault
04:16 Arcane Tower
04:26 Lumber Mill
04:41 Farm
05:07 Farm
05:31 Scout Tower
05:35 Keep
07:59 Guard Tower
08:02 Scout Tower
08:58 Arcane Tower
09:08 Blacksmith
09:43 Arcane Sanctum
10:26 Workshop
11:05 Workshop
11:27 Farm
11:28 Farm
11:44 Farm
12:40 Castle
12:46 Farm
17:30 Scout Tower
18:11 Cannon Tower
» items
                
                | Scroll of Regeneration | 1 |  | 
| Potion of Healing | 1 |  | 
                2 total
  
               team 2 (winner) 
              
              
BEAR_AND (
teal | 131 APM | 3392 actions | 25:56)
              
 3 Archmage 
 2 Blizzard
 1 Brilliance Aura
 2 Mountain King 
 1 Storm Bolt
 1 Thunder Clap
 2 Paladin 
 1 Holy Light
 1 Divine Shield
 
                » actions 
                
                | Assign group hotkey | 8 |  | 
| Basic commands | 8 |  | 
| Build / train | 90 |  | 
| Enter build submenu | 49 |  | 
| Enter hero's abilities submenu | 7 |  | 
| Give item / drop item | 9 |  | 
| Right click | 1989 |  | 
| Select / deselect | 282 |  | 
| Select group hotkey | 828 |  | 
| Use ability | 122 |  | 
                3392 total
 » units 
                » upgrades
                
                | Masonry | 3 |  | 
| Lumber Harvesting | 2 |  | 
| Magic Sentry | 1 |  | 
| Priest Training | 2 |  | 
                8 total
 » buildings
                
                | Altar of Kings | 1 |  | 
| Farm | 4 |  | 
| Lumber Mill | 1 |  | 
| Scout Tower | 48 |  | 
| Arcane Tower | 4 |  | 
| Guard Tower | 26 |  | 
| Keep | 1 |  | 
| Town Hall | 2 |  | 
| Arcane Sanctum | 1 |  | 
| Castle | 1 |  | 
| Arcane Vault | 1 |  | 
                90 total
 » build order
                00:09 Altar of Kings
00:22 Farm
00:48 Farm
00:54 Lumber Mill
01:34 Scout Tower
01:54 Scout Tower
02:01 Arcane Tower
02:02 Scout Tower
02:31 Guard Tower
02:32 Scout Tower
03:03 Guard Tower
03:06 Scout Tower
03:09 Scout Tower
03:31 Scout Tower
03:33 Scout Tower
03:40 Guard Tower
04:04 Guard Tower
04:07 Guard Tower
04:08 Scout Tower
04:36 Scout Tower
04:42 Scout Tower
04:43 Guard Tower
04:46 Scout Tower
05:03 Scout Tower
05:06 Scout Tower
05:07 Scout Tower
05:08 Scout Tower
05:17 Guard Tower
05:20 Scout Tower
05:22 Scout Tower
06:00 Arcane Tower
06:00 Guard Tower
06:03 Keep
06:25 Scout Tower
06:26 Scout Tower
06:33 Scout Tower
06:35 Guard Tower
06:39 Town Hall
06:47 Guard Tower
06:58 Guard Tower
07:02 Scout Tower
07:03 Guard Tower
07:08 Guard Tower
07:31 Scout Tower
07:32 Scout Tower
07:36 Guard Tower
07:39 Scout Tower
08:12 Guard Tower
08:17 Scout Tower
08:18 Scout Tower
08:19 Scout Tower
08:20 Scout Tower
09:02 Scout Tower
09:04 Scout Tower
09:05 Scout Tower
09:05 Scout Tower
09:24 Arcane Sanctum
09:53 Guard Tower
10:04 Guard Tower
10:11 Scout Tower
11:19 Castle
11:32 Guard Tower
12:55 Guard Tower
12:55 Guard Tower
12:56 Arcane Tower
12:56 Guard Tower
13:01 Arcane Vault
13:50 Farm
13:51 Farm
14:44 Town Hall
15:00 Scout Tower
15:01 Scout Tower
15:02 Scout Tower
15:05 Scout Tower
15:58 Guard Tower
16:42 Scout Tower
16:58 Guard Tower
17:23 Guard Tower
18:45 Scout Tower
18:46 Scout Tower
18:46 Scout Tower
18:47 Scout Tower
18:48 Scout Tower
18:49 Scout Tower
19:23 Guard Tower
20:30 Guard Tower
21:50 Scout Tower
21:51 Scout Tower
21:52 Scout Tower
» items
                
                | Healing Salve | 6 |  | 
| Lesser Clarity Potion | 1 |  | 
| Staff of Sanctuary | 1 |  | 
| Scroll of Town Portal | 1 |  | 
                9 total
  
               
              
              
bLinn (
purple | 111 APM | 2879 actions | 25:56)
              
 4 Blademaster 
 2 Wind Walk
 2 Critical Strike
 4 Shadow Hunter 
 2 Hex
 2 Healing Wave
 
                » actions 
                
                | Assign group hotkey | 60 |  | 
| Basic commands | 26 |  | 
| Build / train | 73 |  | 
| Enter build submenu | 33 |  | 
| Enter hero's abilities submenu | 8 |  | 
| Give item / drop item | 3 |  | 
| Remove unit from queue | 3 |  | 
| Right click | 1703 |  | 
| Select / deselect | 356 |  | 
| Select group hotkey | 480 |  | 
| Use ability | 134 |  | 
                2879 total
 » units 
                » upgrades
                
                | Spiked Barricades | 2 |  | 
| Armor | 3 |  | 
| Ranged Weapons | 3 |  | 
| Liquid Fire | 1 |  | 
                9 total
 » buildings
                
                | Altar of Storms | 1 |  | 
| Orc Burrow | 4 |  | 
| War Mill | 1 |  | 
| Watch Tower | 18 |  | 
| Voodoo Lounge | 3 |  | 
| Stronghold | 2 |  | 
| Beastiary | 2 |  | 
| Fortress | 3 |  | 
| Great Hall | 1 |  | 
                35 total
 » build order
                00:03 Altar of Storms
00:12 Orc Burrow
00:36 War Mill
02:01 Watch Tower
02:06 Watch Tower
02:27 Orc Burrow
02:36 Watch Tower
03:30 Watch Tower
03:43 Watch Tower
03:47 Voodoo Lounge
03:52 Stronghold
04:23 Watch Tower
04:47 Watch Tower
05:34 Watch Tower
05:51 Watch Tower
06:05 Orc Burrow
06:19 Beastiary
06:38 Watch Tower
06:56 Watch Tower
07:56 Beastiary
08:00 Watch Tower
08:04 Watch Tower
10:03 Orc Burrow
11:27 Watch Tower
11:34 Voodoo Lounge
11:39 Voodoo Lounge
14:35 Watch Tower
14:36 Watch Tower
16:23 Watch Tower
16:24 Watch Tower
16:32 Fortress
16:32 Fortress
23:15 Great Hall
» items
                
                | Healing Salve | 3 |  | 
| Lesser Clarity Potion | 3 |  | 
| Potion of Healing | 1 |  | 
                7 total
  
               
              
              
iggy_the_fisk (
yellow | 106 APM | 2758 actions | 25:56)
              
 5 Mountain King 
 3 Storm Bolt
 2 Bash
 4 Paladin 
 2 Holy Light
 2 Divine Shield
 3 Blood Mage 
 2 Banish
 1 Siphon Mana
 
                » actions 
                
                | Assign group hotkey | 102 |  | 
| Basic commands | 27 |  | 
| Build / train | 120 |  | 
| Enter build submenu | 80 |  | 
| Enter hero's abilities submenu | 12 |  | 
| Give item / drop item | 1 |  | 
| Remove unit from queue | 5 |  | 
| Right click | 1303 |  | 
| Select / deselect | 303 |  | 
| Select group hotkey | 633 |  | 
| Use ability | 172 |  | 
                2758 total
 » units 
                » upgrades
                
                | Masonry | 3 |  | 
| Lumber Harvesting | 1 |  | 
| Magic Sentry | 1 |  | 
                5 total
 » buildings
                
                | Altar of Kings | 1 |  | 
| Barracks | 1 |  | 
| Farm | 4 |  | 
| Lumber Mill | 1 |  | 
| Scout Tower | 66 |  | 
| Arcane Tower | 5 |  | 
| Guard Tower | 38 |  | 
| Town Hall | 2 |  | 
| Keep | 6 |  | 
| Arcane Vault | 4 |  | 
| Arcane Sanctum | 1 |  | 
| Castle | 1 |  | 
                130 total
 » build order
                00:04 Altar of Kings
00:20 Barracks
00:25 Farm
00:41 Lumber Mill
00:55 Farm
01:28 Scout Tower
01:34 Scout Tower
01:45 Farm
02:04 Arcane Tower
02:04 Arcane Tower
02:05 Arcane Tower
02:05 Arcane Tower
02:23 Arcane Tower
02:34 Scout Tower
02:37 Scout Tower
03:00 Guard Tower
03:01 Guard Tower
03:04 Guard Tower
03:05 Guard Tower
03:06 Scout Tower
03:09 Scout Tower
03:32 Guard Tower
03:32 Guard Tower
03:35 Scout Tower
03:40 Guard Tower
03:51 Scout Tower
03:56 Scout Tower
04:35 Guard Tower
04:36 Scout Tower
04:45 Guard Tower
04:47 Scout Tower
05:16 Guard Tower
06:08 Town Hall
06:20 Guard Tower
06:24 Scout Tower
06:25 Scout Tower
06:56 Guard Tower
06:58 Scout Tower
07:02 Scout Tower
07:06 Scout Tower
07:08 Scout Tower
07:30 Keep
07:30 Keep
07:30 Keep
07:30 Keep
08:15 Guard Tower
08:16 Scout Tower
08:17 Scout Tower
08:20 Guard Tower
08:21 Arcane Vault
08:23 Scout Tower
08:24 Scout Tower
08:28 Arcane Vault
09:37 Guard Tower
09:38 Scout Tower
09:40 Scout Tower
09:41 Scout Tower
09:44 Guard Tower
09:45 Scout Tower
09:46 Scout Tower
09:49 Scout Tower
09:50 Scout Tower
10:04 Arcane Sanctum
10:14 Guard Tower
10:23 Guard Tower
10:47 Guard Tower
11:23 Guard Tower
11:24 Scout Tower
11:26 Guard Tower
11:27 Scout Tower
11:31 Scout Tower
11:32 Scout Tower
11:35 Scout Tower
11:55 Castle
12:02 Guard Tower
12:26 Guard Tower
12:40 Guard Tower
12:41 Scout Tower
12:42 Scout Tower
12:44 Scout Tower
12:46 Scout Tower
13:57 Scout Tower
14:39 Arcane Vault
14:46 Scout Tower
14:50 Farm
15:36 Guard Tower
15:37 Scout Tower
15:38 Scout Tower
15:43 Guard Tower
15:44 Scout Tower
15:45 Scout Tower
15:46 Scout Tower
17:14 Scout Tower
17:15 Scout Tower
17:17 Guard Tower
17:33 Guard Tower
17:34 Scout Tower
17:48 Scout Tower
17:49 Scout Tower
17:51 Scout Tower
17:52 Scout Tower
17:55 Scout Tower
17:57 Scout Tower
17:57 Scout Tower
18:00 Scout Tower
18:00 Scout Tower
18:02 Scout Tower
18:03 Scout Tower
18:09 Scout Tower
18:10 Scout Tower
18:11 Scout Tower
18:28 Scout Tower
18:29 Scout Tower
18:30 Arcane Vault
18:32 Guard Tower
18:40 Guard Tower
18:41 Guard Tower
18:43 Scout Tower
18:46 Scout Tower
18:48 Guard Tower
19:05 Guard Tower
19:51 Guard Tower
19:53 Scout Tower
21:45 Guard Tower
25:33 Town Hall
» items
                
                | Boots of Speed | 1 |  | 
| Staff of Teleportation | 1 |  | 
| Scroll of Town Portal | 3 |  | 
| Scroll of Regeneration | 7 |  | 
| Lesser Clarity Potion | 5 |  | 
| Potion of Healing | 2 |  | 
| Staff of Sanctuary | 2 |  | 
                21 total
  
               
              
              
» 
tIMG4strok (
red | 192 APM | 4989 actions | 25:56)
              
 6 Death Knight 
 3 Death Coil
 2 Unholy Aura
 1 Animate Dead
 5 Lich 
 3 Frost Nova
 2 Frost Armor
 4 Crypt Lord 
 2 Impale
 2 Spiked Carapace
 
                » actions 
                
                | Assign group hotkey | 22 |  | 
| Basic commands | 94 |  | 
| Build / train | 56 |  | 
| ESC pressed | 1 |  | 
| Enter build submenu | 21 |  | 
| Enter hero's abilities submenu | 15 |  | 
| Give item / drop item | 6 |  | 
| Right click | 1962 |  | 
| Select / deselect | 201 |  | 
| Select group hotkey | 2514 |  | 
| Use ability | 97 |  | 
                4989 total
 » units 
                
                | Acolyte | 2 |  | 
| Ghoul | 3 |  | 
| Crypt Fiend | 6 |  | 
| Frost Wyrm | 4 |  | 
                15 total
 » upgrades
                
                | Web | 1 |  | 
| Burrow | 1 |  | 
| Creature Attack | 3 |  | 
| Creature Carapace | 3 |  | 
| Freezing Breath | 1 |  | 
                9 total
 » buildings
                
                | Crypt | 1 |  | 
| Altar of Darkness | 1 |  | 
| Ziggurat | 7 |  | 
| Graveyard | 1 |  | 
| Tomb of Relics | 1 |  | 
| Halls of the Dead | 1 |  | 
| Black Citadel | 1 |  | 
| Sacrificial Pit | 1 |  | 
| Boneyard | 2 |  | 
                16 total
 » build order
                00:07 Crypt
00:09 Altar of Darkness
00:17 Ziggurat
00:38 Graveyard
01:10 Ziggurat
01:50 Tomb of Relics
03:40 Halls of the Dead
04:19 Ziggurat
06:14 Black Citadel
06:56 Sacrificial Pit
07:01 Ziggurat
07:02 Ziggurat
09:17 Boneyard
10:34 Boneyard
11:32 Ziggurat
11:34 Ziggurat
» items
                
                | Rod of Necromancy | 1 |  | 
| Boots of Speed | 2 |  | 
| Lesser Clarity Potion | 3 |  | 
| Scroll of Regeneration | 1 |  | 
| Staff of Teleportation | 1 |  | 
| Potion of Mana | 1 |  | 
| Orb of Corruption | 1 |  | 
                10 total
  
                Chat log
          (00:06 / All) shabotika: gl hf
(00:16 / All) bLinn: Welcome to 1.22
(04:49 / All) iggy_the_fisk: si senor
(04:52 / All) iggy_the_fisk: Effectos especialles
(04:54 / All) iggy_the_fisk: yeah yeah yeah
(08:32 / All) bLinn: You guys always this bad or is it like an off day?
(10:39 / All) tIMG4strok: U win
(11:01 / All) Razma: yes cause turtling is so kicking our asses right now
(11:06 / All) iggy_the_fisk: yep
(11:06 / All) iggy_the_fisk: game over
(11:09 / All) iggy_the_fisk: we will win
(11:10 / All) iggy_the_fisk: Mark these words
(11:13 / All) iggy_the_fisk: ^ up here
(11:21 / All) bLinn: put a fork in Akinos.. he done
(14:54 / All) Razma: Its not our day off its yours
(15:29 / Allies) BEAR_AND: kniggities
(17:13 / All) Razma: needs protection
(17:24 / All) iggy_the_fisk: noobs
(17:25 / All) iggy_the_fisk: you lost
(17:27 / All) iggy_the_fisk: 15 min ago
(17:35 / All) shabotika: haven't lost yet, thanks
(17:43 / All) bLinn: yet... so you see it's inevitable
(17:43 / All) iggy_the_fisk: you're too dumb to realize it yes
(17:54 / All) shabotika: not a real sentence
(18:00 / All) BEAR_AND: not
(18:01 / All) BEAR_AND: a
(18:02 / All) BEAR_AND: real
(18:03 / All) BEAR_AND: strat
(18:05 / All) BEAR_AND: oWNED
(18:06 / All) blotto: please use full sentances when adressing us
(18:15 / All) BEAR_AND: please spell real words when addressing us
(18:15 / All) bLinn: 1. shut your newb mouth
(18:20 / All) BEAR_AND: "sentences" "addressing"
(19:11 / All) iggy_the_fisk: how can you be so stupid holy shit
(20:30 / All) bLinn: i mean look at you...
(20:32 / All) bLinn: embarrassing
(20:54 / All) Razma: your mom was embarrased when she had you wanted a girl
(21:01 / All) bLinn: Save yourself the shame - leave this game
(21:08 / All) Razma: no
(21:31 / All) tIMG4strok: you got this
(21:37 / All) iggy_the_fisk: just stay longer
(21:39 / All) bLinn: *rifles thru coffers* how much gold do i hav? hmm 3500 nbd.
(21:39 / All) iggy_the_fisk: Piss us off...
(22:18 / All) bLinn: we might.. still be able to win
(22:26 / All) Razma: Shut the fuck up
(22:30 / All) BEAR_AND: ANGRY?
(22:37 / All) Razma: so what if I am
(22:43 / All) shabotika: so how about that local sports team?
(22:54 / All) BEAR_AND: stfu get OUT
(22:58 / All) Razma: you
(23:01 / All) Razma: and no
(23:05 / All) bLinn: go play habbo hotel children...
(23:06 / All) BEAR_AND: *hits u on a head w/ hammer* "Boink"
(23:07 / All) Razma: making you waste time
(23:11 / All) iggy_the_fisk: DAMN
(23:14 / All) iggy_the_fisk: did not see that coming
(23:18 / All) iggy_the_fisk: *checks chat log*
(23:20 / All) iggy_the_fisk: yeah there it is
(23:23 / All) iggy_the_fisk: predictable noob...
(23:25 / All) BEAR_AND: blotto
(23:27 / All) BEAR_AND: ud leaving first
(23:28 / All) bLinn: bye bye
(23:29 / All) BEAR_AND: first wise ud
(23:30 / All) bLinn: bye bye...
(23:32 / All) BEAR_AND: in the history
(23:34 / All) bLinn: STUBBORN ELF
(23:35 / All) BEAR_AND: of us
(23:36 / All) Razma: yea cause noob is an orignal insult
(23:42 / All) Razma: never heard that befopre
(23:44 / All) bLinn: stfu headchild
(23:47 / All) BEAR_AND: yea cause sucking shit at this game is satisfying
(23:48 / All) BEAR_AND: leave
(23:52 / All) Razma: NOI!
(23:59 / All) Razma: you leave
(24:06 / All) bLinn: i'm getting yroed.
(24:10 / All) Razma: good
(24:13 / All) BEAR_AND: YaiRoed
(24:20 / All) bLinn: too bad he didn't get bombs so it's doing nothing
(24:36 / All) bLinn: hmm lotta dead yroes in one bat..
(24:59 / All) Razma: nope
(25:06 / All) BEAR_AND: one noob left
(25:08 / All) BEAR_AND: by enoob
(25:09 / All) BEAR_AND: cry noob
(25:09 / All) bLinn: the longer u stay.. the better we are
(25:11 / All) BEAR_AND: sly noob?
(25:21 / All) Razma: how old are you 10
(25:21 / All) bLinn: quit child.
(25:23 / All) bLinn: quiet child
(25:26 / All) bLinn: quaint child
(25:29 / All) bLinn: quadraplegic child
(25:30 / All) Razma: NOOB
(25:31 / All) Razma: n
(25:32 / All) Razma: n
(25:32 / All) Razma: n
(25:32 / All) Razma: n
(25:33 / All) Razma: n
(25:34 / All) Razma: nn
(25:34 / All) Razma: n
(25:34 / All) Razma: n
(25:35 / All) Razma: n
(25:35 / All) Razma: n
(25:35 / All) Razma: n
(25:35 / All) Razma: n
(25:36 / All) Razma: n
(25:36 / All) Razma: n
(25:36 / All) Razma: n
(25:37 / All) Razma: n
(25:37 / All) Razma: n
(25:38 / All) Razma: n
(25:38 / All) Razma: n
(25:50 / All) bLinn: watch your dotts
(25:52 / All) bLinn: oops i killed them sorry